[Event "Lliga Catalana DH 2023"]
[Site "Catalonia"]
[Date "2023.02.25"]
[Round "6.5"]
[White "Oms Fuentes, Lluis"]
[Black "Fernandez Aguado, Enrique"]
[Result "1-0"]
[ECO "B23"]
[WhiteElo "2317"]
[BlackElo "2281"]
[Annotator "TA"]
[PlyCount "57"]
[EventDate "2023.01.24"]
[EventType "team-tourn"]
[EventCountry "ESP"]
[SourceTitle "playchess.com"]
[Source "ChessBase"]
[SourceQuality "1"]
[TimeControl "40/5400+30:1800+30"]

1. e4 c5 2. Nc3 e6 3. g3 d5 4. Bg2 d4 5. Nce2 Nc6 6. d3 e5 7. f4 Nf6 {[%emt 0:03:03] B23: Closed Sicilian: Lines without g3.} 8. h3 Bd6 9. Nf3 Qe7 {[%emt 0:10:03] [#] The position is equal.} 10. O-O $146 ({Predecessor:} 10. c3 O-O 11. O-O Rd8 12. cxd4 cxd4 13. f5 h6 14. g4 Nh7 15. h4 f6 16. Ng3 {0-1 Dykacz,K-Siekanski,J (2285) POL-chT 47th 1991 (2)}) 10... Bd7 11. c3 dxc3 (11... O-O $11) 12. bxc3 $16 {[%emt 0:02:03] aiming for fxe5.} O-O-O 13. Qc2 {[%emt 0:13:15] fxe5 would be deadly.} Rhe8 (13... exf4 $16 14. gxf4 (14. Bxf4 Bxf4 15. Nxf4 Kb8 $14) 14... Rhe8) 14. fxe5 $18 Nxe5 15. Nxe5 Bxe5 16. d4 Bc7 (16... Bc6 $142) 17. e5 Bb5 18. Ba3 (18. exf6 Qxe2 19. Qxe2 Bxe2 $11) (18. Rf2 $18 {has better winning chances.} Bxe2 {[%mdl 64] Remove Defender} 19. Qxe2 (19. Rxe2 Qe6 $18) 19... cxd4 20. Qc4) 18... Bb6 (18... Bxe5 $16 {keeps fighting.} 19. Rab1 (19. dxe5 Qxe5 20. Rf2 Ne4 $14) 19... Ba6) 19. Rf2 (19. exf6 Qxe2 20. Qxe2 Bxe2 21. dxc5 Bxf1 22. Rxf1 Bc7 23. fxg7 Rg8 $14) 19... Nd7 20. Rb1 (20. Qxh7 Nxe5 21. Nf4 (21. dxe5 Qxe5 22. Rxf7 Qxe2 $15) (21. Qxg7 Nd3 $11) 21... Nc4 22. Bxc5 Bxc5 23. Qf5+ Bd7 $11) 20... Ba6 {[%emt 0:03:03][%cal Od7e5] [#]} 21. Nf4 $1 $36 {[%emt 0:02:28][%mdl 2048] White has strong initiative.} (21. Qxh7 $6 f6 $14) 21... Qg5 {[%emt 0:02:15] [#]} (21... f6 {is a better defense.}) 22. Kh2 $1 ({Less strong is} 22. Qxh7 Qxg3 23. Rf3 Qg5 $11) 22... h5 23. Nd5 h4 24. gxh4 ({Not} 24. Rxf7 Qxg3+ 25. Kh1 Bd3 $16) 24... Qxh4 25. Rxf7 {[%emt 0:00:36] Threatens to win with dxc5.} g5 $2 (25... Qh5) 26. Qf5 cxd4 27. e6 {[%emt 0:01:47][%cal Be5e6,Be6e7][%mdl 32] White mates.} Nc5 28. e7+ {[%emt 0:00:41][%mdl 64] Discovered Attack} Rd7 29. Rxb6 {[%emt 0:01:08] A cool game by Oms Fuentes.   Weighted Error Value: White=0.14 (very precise) /Black=0.70} 1-0

[Event "Lliga Catalana DH 2023"]
[Site "Catalonia"]
[Date "2023.02.25"]
[Round "6.6"]
[White "Perpinya Rofes, Lluis Maria"]
[Black "Martin Gonzalez, Angel"]
[Result "1-0"]
[ECO "B50"]
[WhiteElo "2261"]
[BlackElo "2216"]
[Annotator "TA"]
[PlyCount "93"]
[EventDate "2023.01.24"]
[EventType "team-tourn"]
[EventCountry "ESP"]
[SourceTitle "playchess.com"]
[Source "ChessBase"]
[SourceQuality "1"]
[TimeControl "40/5400+30:1800+30"]

1. e4 c5 2. Nf3 d6 3. c3 Nf6 4. Bd3 Nc6 5. O-O g6 6. Bc2 Bg4 7. d3 Bg7 8. Nbd2 O-O 9. h3 Bxf3 10. Nxf3 b5 {[%emt 0:03:12] B50: Sicilian: 2...d6, Miscellaneous.} 11. d4 Nd7 12. Be3 Rb8 {[%emt 0:04:37] [#] White is slightly better.} 13. Qe2 $146 ({Predecessor:} 13. dxc5 Nxc5 14. Qd5 Rc8 15. Rad1 Qe8 16. a3 a6 17. Rfe1 Nd7 18. Re2 Qd8 19. Qa2 {1-0 Shushpanov,R-Fiedler,B Policka op 1995 (7)}) 13... b4 14. Ba4 Qc7 15. d5 (15. Rac1 $14) 15... Nce5 (15... Na5 $1 $11 {should be considered.}) 16. Nxe5 $14 Nxe5 17. c4 e6 18. Rad1 exd5 19. Rxd5 (19. cxd5 $6 c4 $11) 19... f5 $2 (19... Nc6 $16 {was called for.}) 20. f4 $18 Nc6 21. Bxc6 (21. e5 $1 $18 Rbd8 22. Bxc6 Qxc6 23. Rfd1) 21... Qxc6 $14 22. Rfd1 Rbe8 $1 23. e5 {[%emt 0:09:21][%mdl 64] [#] Deflection} ({Inferior is} 23. Rxd6 Qxe4 24. Kf2 Bd4 25. R6xd4 cxd4 26. Rxd4 Qxd4 27. Bxd4 Rxe2+ 28. Kxe2 Kf7 $17) 23... dxe5 24. Bxc5 exf4 25. Qf2 Rf7 26. b3 a5 27. Qxf4 a4 28. Qf3 (28. Bxb4 $16 {Rd8 is the strong threat.} Rb7 29. Qd2) 28... axb3 29. axb3 (29. Bxb4 $2 {loses.} bxa2 30. Bc3 Qxc4 $19) 29... Bf8 30. Bxf8 Rfxf8 31. Rd7 Re4 32. Qf2 {[%emt 0:01:12] And now R1d6 would win.} (32. Qg3 {with more complications.} Qc5+ 33. Kh1 Rf7 34. R1d5) 32... Rf7 33. R7d6 Qc7 34. c5 Rfe7 35. c6 $36 {[%emt 0:00:39][%mdl 2048] White has the initiative.} R4e6 $2 {[%emt 0:00:46][%mdl 8192] [#]} (35... Kf7 $11) 36. Qc5 $1 $18 {[%emt 0:00:23] Black must now prevent Qc4.} Rxd6 37. Rxd6 {[%emt 0:00:12][%mdl 4096] Endgame Qd5+ would be deadly. KQR-KQR} ({Stronger than} 37. Qxd6 Qxd6 38. Rxd6 Kf7 $11) 37... Re1+ 38. Kf2 Re7 39. Qxb4 {[%emt 0:00:39] Threatens to win with Qd4.} Qa7+ 40. Qd4 Qa6 41. Qc4+ Qxc4 42. bxc4 {[%emt 0:00:02] KR-KR} Kf7 43. Rd7 {[%emt 0:00:48] White threatens Rxe7+ and mate.} Rxd7 44. cxd7 {[%emt 0:00:03] White mates.} Ke7 45. Ke3 Kxd7 46. Kf4 Kd6 47. Kg5 {[%emt 0:00:09] Weighted Error Value: White=0.15 (very precise) /Black=0.50} 1-0

[Event "Lliga Catalana DH 2023"]
[Site "Catalonia"]
[Date "2023.02.25"]
[Round "6.6"]
[White "Gomez Anadon, Daniel"]
[Black "Chueca Forcen, Alberto"]
[Result "0-1"]
[ECO "B72"]
[WhiteElo "2141"]
[BlackElo "2354"]
[Annotator "TA"]
[PlyCount "90"]
[EventDate "2023.01.24"]
[EventType "team-tourn"]
[EventCountry "ESP"]
[SourceTitle "playchess.com"]
[Source "ChessBase"]
[SourceQuality "1"]
[TimeControl "40/5400+30:1800+30"]

1. e4 c5 2. Nf3 d6 3. d4 cxd4 4. Nxd4 Nf6 5. Nc3 g6 6. Be3 Bg7 7. Be2 O-O 8. Qd2 Nc6 9. O-O-O Nxd4 10. Bxd4 Be6 11. h4 Qa5 12. Qg5 {B72: Sicilian Dragon: 6 Be3, lines with h3+Bc4 and sidelines.} Qxg5+ 13. hxg5 Nd7 14. Nd5 {White is better.} Bxd5 15. exd5 f6 {Black is weak on the light squares} ({Black should try} 15... Bxd4 $14 16. Rxd4 f6) 16. Bb5 $16 {[#]} Nc5 $146 ({Predecessor:} 16... Rad8 17. Rde1 a6 18. Bxd7 Rxd7 19. gxf6 exf6 20. Bb6 f5 21. f4 h5 22. Re6 Kf7 {½-½ Poetsch,H (2492)-Kurayan,R (2411) Rheinland Pfalz op 7th 2015 (7)}) 17. Rde1 (17. gxf6 $16 Bxf6 18. Be3) 17... a6 $14 18. Bf1 {Threatens to win with b4.} Rae8 19. gxf6 Bxf6 20. Bxc5 (20. Be3 $1 $16) 20... dxc5 $11 21. g3 ({Better is} 21. Kb1 $11) 21... Bd4 $15 22. Bh3 Bxf2 (22... Rxf2 23. d6 e6 24. d7 $16 (24. Rxe6 Be3+ 25. Kb1 Rxe6 $14) (24. Bxe6+ Kg7 $16)) 23. Re2 Bxg3 {Strongly threatening ...Bf4+.} 24. Bd7 {[#]} Bd6 $1 {...Rd8 would be deadly.} 25. Bxe8 Rxe8 {[%mdl 4096] Endgame KRR-KRB} 26. Rf1 Kg7 27. Kd1 h5 28. Re6 {[#]} ({White should play} 28. Re3 $15) 28... Kh6 (28... Rh8 $1 $17 {White must now prevent ...h4.} 29. Rg1 Rh6) 29. Ke2 (29. Rg1 $11 Rg8 30. Rh1) 29... h4 30. Rf5 h3 31. Kf1 h2 32. Kg2 Rh8 33. Kh1 Kg7 (33... c4 $15) 34. Rg5 $11 Rh6 35. a4 b5 36. a5 Kf7 37. Rf5+ Ke8 38. Rg5 {[#]} (38. b3 $15) 38... Kf7 (38... Rh4 $1 $17) 39. Rf5+ Kg7 40. Rg5 $132 {[%mdl 2048] White is not keeping still} b4 41. Rg2 Kf7 42. Rf2+ Ke8 43. Rg2 (43. Rd2 $11) 43... Rh5 $1 $15 44. Rgxg6 (44. Rexg6 Rxd5 45. Rxd6 (45. Rg8+ $2 Kd7 $19) 45... exd6 46. Kxh2 Kd7 $19) 44... Rxd5 {( -> ...Rd1+)} 45. Rxd6 $2 exd6 {Weighted Error Value: White=0.36/Black=0.15 (very precise)} (45... Rxd6 $2 {too greedy.} 46. Rg8+ Kd7 47. Rg2 $19) 0-1

[Event "Lliga Catalana DH 2023"]
[Site "Catalonia"]
[Date "2023.02.25"]
[Round "6.7"]
[White "Garcia Jimenez, Francisco Javier"]
[Black "Gonzalez Maza, Rafael"]
[Result "1-0"]
[ECO "C00"]
[WhiteElo "2230"]
[BlackElo "2172"]
[Annotator "TA"]
[PlyCount "70"]
[EventDate "2023.01.24"]
[EventType "team-tourn"]
[EventCountry "ESP"]
[SourceTitle "playchess.com"]
[Source "ChessBase"]
[SourceQuality "1"]
[TimeControl "40/5400+30:1800+30"]

1. e4 e6 2. d3 d5 3. Nd2 c5 4. g3 Nc6 5. Bg2 Nge7 6. Ngf3 {C00: French: Unusual White 2nd moves.} b6 7. O-O Qc7 8. Re1 {White is slightly better.} Bb7 9. exd5 Nxd5 10. Ne4 (10. Ng5 {looks sharper.} Qd7 11. Nc4 Be7 12. Qh5) 10... Be7 {[#]} 11. Nc3 $146 (11. c4 $5 Nf6 12. Bf4 $11) ({Predecessor:} 11. c3 O-O 12. Qc2 Rad8 13. h4 h6 14. Bd2 f5 15. Bc1 fxe4 16. dxe4 Nf6 17. Bf4 {0-1 Zivkovic,N (2364)-Kollars,D (2611) Titled Tuesday intern op 15th Nov Early blitz 2022 (2)}) 11... Nxc3 12. bxc3 O-O 13. Bf4 Bd6 14. Bxd6 Qxd6 15. Ne5 Rad8 16. Nc4 Qc7 17. a4 Nb8 18. Bxb7 Qxb7 19. Qe2 Nd7 20. Reb1 Qc6 21. Rb3 Rb8 22. Qe4 Rfc8 (22... Qxe4 {simplifies} 23. dxe4 g5 24. f3 Kg7) 23. Qf4 (23. Qxc6 {simplifies} Rxc6 24. Rab1 a6 25. Nd2) 23... Rd8 24. h4 Nf6 25. a5 (25. Ne5 $5 Qc7 26. c4 $11) 25... b5 26. a6 Nd5 $2 {[%mdl 8192] [#]} (26... Qd7 $11 {and Black stays safe.}) 27. Qxf7+ $3 $18 {[%mdl 576] Double Attack} Kh8 (27... Kxf7 28. Ne5+) 28. Ne5 Qe8 (28... Qb6 29. c4 Rf8) 29. Qxe8+ Rxe8 30. Nf7+ Kg8 {A mistake that costs the game.} 31. Nd6 Re7 32. Rxb5 ({But not} 32. Nxb5 Rb6 33. c4 Nb4 $18) 32... Rxb5 {White has a decisive advantage.} 33. Nxb5 Rd7 34. Rb1 {[%cal Ob5a7] Nxa7! would be deadly.} Kf7 {[#]} 35. Nxa7 $1 {[%mdl 576] Decoy} Rd6 {Dodges Nc6. Magnificent play by Garcia Jimenez!   Weighted Error Value: White=0.40/Black=0.55} 1-0

[Event "Lliga Catalana DH 2023"]
[Site "Catalonia"]
[Date "2023.02.25"]
[Round "6.7"]
[White "Martin Barcelo, Carles"]
[Black "Bernado Lopez, Roger"]
[Result "0-1"]
[ECO "C67"]
[WhiteElo "2208"]
[BlackElo "2167"]
[Annotator "TA"]
[PlyCount "102"]
[EventDate "2023.01.24"]
[EventType "team-tourn"]
[EventCountry "ESP"]
[SourceTitle "playchess.com"]
[Source "ChessBase"]
[SourceQuality "1"]
[TimeControl "40/5400+30:1800+30"]

1. e4 e5 2. Nf3 Nc6 3. Bb5 Nf6 4. O-O Nxe4 5. d4 Nd6 6. dxe5 Nxb5 7. a4 d6 8. axb5 Nxe5 9. Re1 Be7 10. Nxe5 {[%emt 0:00:30] C67: Ruy Lopez: Berlin Defence: 4 0-0 Nxe4.} dxe5 11. Qxd8+ Kxd8 12. Rxe5 {[%emt 0:00:30] The position is equal.} Bd6 13. Rd5 Be6 14. Rd1 Ke7 {[%emt 0:00:30] [#]} 15. Nc3 $146 ({Predecessor:} 15. Bg5+ f6 16. Be3 Rhd8 17. Nc3 b6 18. Ra4 Rd7 19. Rda1 Be5 20. f4 Bxc3 21. bxc3 {0-1 Bortnyk,O (2604)-So,W (2778) Chess.com Rapid Wk6 Swiss 2022 (4)}) 15... Rhd8 16. Be3 b6 17. f4 Kf8 (17... Bb4 $5 ) 18. Nd5 Re8 19. Kf2 $1 h5 20. g3 f6 21. b3 Kf7 22. c4 h4 23. b4 hxg3+ 24. hxg3 Bxd5 25. Rxd5 Bxb4 26. c5 Ba5 27. Rad1 Re7 28. Rd8 Rxd8 29. Rxd8 bxc5 30. Bxc5 Bb6 31. Bxb6 axb6 $15 {[%emt 0:00:30][%mdl 4096] Endgame KR-KR} 32. f5 (32. g4 $11 {keeps the balance.}) 32... Re5 33. g4 Rxb5 34. Rd7+ Kg8 {[%emt 0:00:30] Strongly threatening ...Rc5.} 35. Rxc7 Rb3 36. Rb7 {[%emt 0:00:58] [#]} (36. Kg2 $11 {remains equal.}) 36... b5 (36... Kh7 $1 $17) 37. Ke2 $11 Rb1 38. Kd3 Rb4 39. Ke3 Rb2 40. Kd3 b4 41. Ke3 b3 42. Kd3 $2 (42. Rb8+ $11 {and White stays safe.} Kh7 43. Rb7) 42... Rb1 $19 ({Stronger than} 42... Rg2 43. Ke3 $17) 43. Kc3 Rc1+ $2 (43... Rg1 $19 {aiming for ...Kh7.} 44. Rb5 Kh7) 44. Kd3 $11 (44. Kxb3 Rb1+ 45. Kc3 Rxb7 46. Kc4 Rb1 47. Kd4 Rb4+ 48. Kd3 Rxg4 49. Ke3 g5 50. fxg6 f5 51. Ke2 Re4+ 52. Kd3 Re8 53. Kc4 f4 54. Kd4 f3 55. Kd5 f2 56. Kc4 f1=Q+ 57. Kc5 Re5+ 58. Kd4 Qf4+ 59. Kc3 Re3+ 60. Kd2 Qf2+ 61. Kd1 Re1#) 44... Rd1+ 45. Ke3 Rg1 46. Rb4 Kh7 47. Kf3 (47. Rb8 $11 {should be considered.}) 47... Rb1 $15 48. Kg3 ({White should play} 48. Rb8 $15 b2 49. Kg2) 48... Kh6 49. Rb8 (49. Kg2 $17) 49... Kg5 $19 {[%emt 0:00:28] White must now prevent ...b2.} 50. Rg8 $2 {[%emt 0:00:43] [#]} (50. Rb4 $19) 50... b2 51. Rxg7+ Kh6 {[%emt 0:00:01] Weighted Error Value: White=0.41/Black=0.15 (very precise)} 0-1

[Event "Lliga Catalana DH 2023"]
[Site "Catalonia"]
[Date "2023.02.25"]
[Round "6.8"]
[White "Jimenez Ruano, Adrian"]
[Black "Gomez Jurado, Luis Alberto"]
[Result "1/2-1/2"]
[ECO "D12"]
[WhiteElo "2235"]
[BlackElo "2048"]
[Annotator "TA"]
[PlyCount "135"]
[EventDate "2023.01.24"]
[EventType "team-tourn"]
[EventCountry "ESP"]
[SourceTitle "playchess.com"]
[Source "ChessBase"]
[SourceQuality "1"]
[TimeControl "40/5400+30:1800+30"]

1. d4 d5 2. c4 c6 3. Nf3 Nf6 4. e3 Bf5 5. Nh4 Bc8 6. Nc3 {[%emt 0:05:43] [#] D12: Slav Defence: 3 Nf3 Nf6 4 e3 Bf5.} g6 $146 ({Predecessor:} 6... e6 7. Nf3 Nbd7 8. Qc2 Bd6 9. Be2 h6 10. O-O b6 11. cxd5 exd5 12. e4 dxe4 13. Nxe4 Qc7 14. Bc4 O-O 15. Bxh6 Bf4 16. Bg5 Bxg5 17. Nexg5 Bb7 18. Qg6 {1-0 Villavicencio Martinez,A (2316)-Pinto Henriquez,R (2178) Tenerife Verano op 2015 (9)}) 7. Be2 Bg7 8. O-O {[%emt 0:00:07] White is slightly better.} O-O 9. Bd2 Ne4 10. Nf3 Nxd2 11. Nxd2 e5 12. dxe5 Bxe5 13. Nf3 Bxc3 14. bxc3 Be6 15. Nd4 Qe7 16. Nxe6 fxe6 17. cxd5 exd5 18. c4 dxc4 19. Bxc4+ Kg7 20. Qd4+ Qf6 21. Rfd1 b5 22. Be2 {[%emt 0:00:34] Active counter play!} Qxd4 23. Rxd4 a6 ({Better is} 23... a5 $1 $14) 24. a4 $1 $36 {[%emt 0:02:39][%mdl 2048] White is really pushing.} bxa4 25. Rdxa4 (25. Raxa4 a5 $16) 25... Rd8 26. g4 (26. Bxa6 $2 Rxa6 27. Kf1 Rxa4 28. Rxa4 c5 $19) 26... Rd2 27. Bxa6 Nd7 28. Bf1 Rf8 29. Ra7 Kh6 30. f4 {[%emt 0:01:35][%cal Bf2f4,Bf4e5][%mdl 32] Rc7 is the strong threat.} g5 31. R1a4 Ne5 $2 (31... Rf7 {was necessary.} 32. h3 gxf4) 32. fxe5 $18 {[%emt 0:06:21] Intending R4a6 and mate.} Rd1 {[%emt 0:00:08] [#]} 33. Kg2 Rdxf1 {[%emt 0:07:48][%mdl 4096] Endgame KRR-KRR} 34. Ra2 {[%emt 0:00:23] Inhibits R1f2+.} R1f7 35. Rxf7 Rxf7 {[%emt 0:00:04] KR-KR} 36. Rc2 $1 Rc7 37. Kf3 Kg7 38. Ke4 Kf7 39. Kf5 (39. Rf2+ $1 $18 {is the precise move to win.} Kg7 40. e6) 39... h6 $2 (39... c5 $16 40. Kxg5 Ke6) 40. Rc5 Rc8 41. e6+ Ke7 42. Ke5 Ra8 43. Rxc6 {[%emt 0:01:02] Strongly threatening Rc7+.} Ra5+ 44. Ke4 Ra2 {[%emt 0:00:07] [#]} (44... Rb5 $142 45. Rc7+ Kxe6) 45. Kf5 $1 {[%emt 0:02:57] And now Rc7+ would win.} Rf2+ 46. Ke5 Rxh2 47. Rc7+ Ke8 48. Rh7 Rh1 49. Kf6 Rf1+ 50. Kg6 Rg1 51. Rxh6 (51. Kxh6 Rxg4 52. Kg6 Rg3 $11) 51... Rxg4 52. Kf6 Rh4 53. Rg6 ({But not} 53. Kxg5 $6 Rxh6 54. Kxh6 Ke7 $11) (53. Rxh4 {is a self mate.} gxh4 54. Kg6 h3 55. Kh6 h2 56. Kg5 h1=Q 57. Kf4 Ke7 58. Ke5 Qc6 59. Kf5 Qf3+ 60. Ke5 Qxe3+ 61. Kd5 Qd3+ 62. Ke5 Qc4 63. Kf5 Qd4 64. Kg5 Kxe6 65. Kg6 Qg4+ 66. Kh7 Kf7 67. Kh8 Qh5#) 53... Rh8 {[%emt 0:00:34] Prevents Rg8+.} 54. Rxg5 ({Resist} 54. Kxg5 $6 Ke7 $14) 54... Rf8+ 55. Ke5 {[%emt 0:00:10] Kd6 would kill now.} Rf1 56. Rg8+ Ke7 57. Rg7+ Ke8 58. e4 Ra1 59. Rd7 Ra2 60. Rd5 Ra1 {[%emt 0:00:52] [#]} 61. Kf6 $1 Rf1+ 62. Rf5 Ra1 63. Rf2 Re1 64. e5 ({White should play} 64. Rb2 $16 Rf1+ 65. Ke5) 64... Ra1 (64... Rh1 $11) 65. Rf3 (65. e7 $1 $14) 65... Rb1 (65... Rh1 $11) 66. Rf2 Ra1 67. Kf5 (67. e7 $1 $14) 67... Ke7 $11 68. Ke4 {[%emt 0:00:29] Weighted Error Value: White=0.15 (very precise) /Black=0.17 (very precise)} 1/2-1/2

[Event "Lliga Catalana DH 2023"]
[Site "Catalonia"]
[Date "2023.02.25"]
[Round "6.8"]
[White "Garcia Paolicchi, Raul"]
[Black "Vehi Bach, Victor Manuel"]
[Result "1/2-1/2"]
[ECO "D02"]
[WhiteElo "2109"]
[BlackElo "2242"]
[Annotator "TA"]
[PlyCount "70"]
[EventDate "2023.01.24"]
[EventType "team-tourn"]
[EventCountry "ESP"]
[SourceTitle "playchess.com"]
[Source "ChessBase"]
[SourceQuality "1"]
[TimeControl "40/5400+30:1800+30"]

1. d4 Nf6 2. Nf3 e6 3. g3 c5 4. Bg2 cxd4 5. O-O d5 6. Nxd4 e5 7. Nb3 Be6 8. Nc3 Be7 {D02: 1 d4 d5 2 Nf3 sidelines, including 2...Nf6 3 g3 and 2...Nf6 3 Bf4.} 9. Bg5 {next Bxf6 is good for White.} Nbd7 10. f4 exf4 {The position is equal.} ({Don't do} 10... Qb6+ 11. Kh1 $14) 11. gxf4 {[%cal Of4f5] f5! is the strong threat.} g6 (11... h6 $11 12. Bh4 Nb6) 12. Kh1 ({Don't play} 12. Nxd5 Nxd5 13. Bxd5 Bxg5 14. Bxe6 fxe6 $11) 12... h6 13. Bh4 Nb6 14. Nd4 {[#] Strongly threatening f5.} Ng4 $146 (14... Bg4 $1 $11 {keeps the balance.}) ({Predecessor:} 14... Bg4 15. Qd3 O-O 16. Rg1 Kh8 17. Rad1 Rc8 18. h3 Bh5 19. Nf3 Nc4 20. Qd4 Kh7 {½-½ Bornholdt,J (2196)-Lutsko,A (2431) GER-chT Lands U20 2022 (3.1)}) 15. Bxe7 (15. Nxe6 $16 fxe6 16. e4 {[%mdl 64] Discovered Attack}) 15... Qxe7 $14 16. Qd3 {And now h3 would win.} Qh4 (16... O-O-O $14) 17. Qg3 {White is more active.} (17. h3 $1 $16 {Hoping for Nxe6.} Nf6 18. Ncb5 (18. f5 gxf5 19. Nxf5 Qg5 $16)) 17... Qxg3 $11 18. hxg3 Ne3 {Wards off e4} 19. Rf3 Nxg2 20. Kxg2 Bg4 21. Rd3 O-O-O 22. a4 $1 Rhe8 {[#]} 23. Kf2 (23. a5 $1 $16 Nc4 24. b3) 23... Kb8 24. b3 (24. a5 $5 Nc4 25. b3 $11) 24... Nd7 25. Re3 Nf6 26. Rxe8 Rxe8 27. Rd1 Rc8 28. Nb1 Ne4+ 29. Kg2 a6 30. Rd3 h5 31. Re3 Bd7 (31... Kc7 $15) 32. Rd3 (32. c4 $5 ) 32... Bg4 33. Re3 Bd7 34. Rd3 Bg4 35. Nd2 {[#]} Bxe2 $2 {[%mdl 8192] Weighted Error Value: White=0.22 (precise) /Black=0.25 (precise)} 1/2-1/2

[Event "Lliga Catalana DH 2023"]
[Site "Catalonia"]
[Date "2023.02.25"]
[Round "6.9"]
[White "Molano Lafuente, Ismael"]
[Black "Rivas Garcia, Victor"]
[Result "1/2-1/2"]
[ECO "B40"]
[WhiteElo "1968"]
[BlackElo "2110"]
[Annotator "TA"]
[PlyCount "123"]
[EventDate "2023.01.24"]
[EventType "team-tourn"]
[EventCountry "ESP"]
[SourceTitle "playchess.com"]
[Source "ChessBase"]
[SourceQuality "1"]
[TimeControl "40/5400+30:1800+30"]

1. e4 c5 2. b3 Nc6 3. Bb2 e6 4. Nf3 a6 5. g3 d5 6. exd5 {[%emt 0:01:01] B40: Sicilian: 2...e6, Unusual lines.} exd5 7. Bg2 Qe7+ 8. Qe2 Qxe2+ 9. Kxe2 Bg4 10. Re1 O-O-O {[%emt 0:00:26] [#]} 11. Kf1 $146 ({Predecessor:} 11. a3 f6 12. Kf1 Bd6 13. d3 Nge7 14. Nbd2 Bc7 15. d4 Ba5 16. Rad1 Nxd4 17. Bxd4 cxd4 {0-1 Tsiamis,K (2237)-Galego,L (2511) GRE-chT 31st 2002 (5)}) 11... f6 12. d3 Bd6 13. Nbd2 Nge7 14. Rac1 Rhe8 15. d4 cxd4 16. Nxd4 Be5 (16... Nxd4 $11 {is more appropriate.} 17. Bxd4 Ba3) 17. Nxc6 Nxc6 18. c3 Kb8 19. Nf3 Bc7 20. h3 Bf5 21. Nd4 Nxd4 22. cxd4 Bd3+ 23. Kg1 Be4 24. Bc3 Bb6 25. f3 Bg6 26. Rxe8 (26. Kf2 $11 {remains equal.}) 26... Rxe8 $17 27. Kf2 Bd3 $1 {[%emt 0:02:01] ...Re2+ is the strong threat.} 28. Rd1 (28. Bf1 $142 Bxf1 29. Kxf1) 28... Re2+ 29. Kg1 Bg6 30. a4 (30. Rd2 $17 {is a better defense.} Rxd2 {[%mdl 64] Remove Defender} 31. Bxd2) 30... Re3 $19 ({Inferior is} 30... Bc2 31. Rc1 $17) 31. Bb4 Rxb3 32. Bf8 Rb1 33. Rxb1 Bxd4+ 34. Kf1 Bxb1 35. Bxg7 {[%emt 0:00:04][%mdl 4096] Endgame KBB-KBB} (35. Ke2 $142) 35... Kc7 36. Ke1 Kd6 (36... b5 $19 {and Black stays clearly on top.} 37. axb5 axb5) 37. Kd2 (37. Bf8+ $17 Kc6 38. Kd2) 37... Ba2 (37... Ke7 $1 $19 38. Bh6 Bc5) 38. Kc2 Bc4 {[%emt 0:00:14] Prevents Bf1.} 39. g4 (39. h4 $142) 39... Ke6 {[%emt 0:01:17] Strongly threatening ...b5.} 40. h4 $2 (40. Bh6) 40... Be3 41. Bf8 b5 42. axb5 axb5 43. Bb4 (43. Kd1 {is the only way for White.}) 43... d4 44. Kd1 {[%emt 0:00:30] Inhibits Be2+.} (44. f4 {was the only defense.} f5 45. Bf3) 44... Bf2 45. h5 $2 (45. f4) 45... Be3 {[%emt 0:00:06] Hoping for ...Ke5.} 46. Ba5 d3 47. Bc3 $2 (47. Bd2 Bc5 48. Kc1) 47... Bb3+ 48. Ke1 h6 49. Bd2 {[%emt 0:00:40] [#]} Bxd2+ $1 50. Kxd2 {[%emt 0:00:01] [#] KB-KB} Bc2 $2 ({Black should try} 50... Bd5 $1 $19 51. Kxd3 b4) 51. f4 $11 {[%emt 0:00:24] The position is equal.} b4 {[%emt 0:00:15] Threatens to win with ...b3.} 52. Be4 b3 53. Bf5+ Ke7 {[%emt 0:01:32] ( -> ...b2)} 54. Bxd3 Bxd3 55. Kxd3 f5 56. gxf5 {[%emt 0:00:40] K3P-KPP} Kf6 57. Kc3 Kxf5 58. Kxb3 Kxf4 59. Kc2 Kg5 60. Kd1 Kxh5 61. Ke1 Kg4 62. Kf1 {[%emt 0:00:07] Whites escaped into a draw.   Weighted Error Value: White=0.49/Black=0.38} 1/2-1/2